 Dungeon Crawl Stone Soup version 0.31-a0-180-g519b7de00c (webtiles) character file.

Game seed: 10731398766495279481

501 qw the Chopper (level 7, -4/43 HPs)
             Began as a Gargoyle Fighter on June 20, 2023.
             Killed from afar by Duvessa (14 damage)
             ... with a puff of flame
             ... on level 4 of the Dungeon.
             The game lasted 00:01:44 (3168 turns).

qw the Chopper (Gargoyle Fighter)                   Turns: 3168, Time: 00:01:45

Health: -4/43      AC: 14    Str: 21    XL:     7   Next: 17%
Magic:  7/7        EV: 10    Int:  9    God:
Gold:   16         SH:  4    Dex:  9    Spells: 6/6 levels left

rFire   . . .        Y - +1 war axe
rCold   + . .        c - +0 buckler
rNeg    + . .        b - +0 scale mail
rPois   inf          a - +0 helmet
rElec   +            (no cloak)
rCorr   +            (no gloves)
SInv    .            p - +1 pair of boots
Will    .....        (no amulet) Stlth
                     e - ring of protection from cold
HPRegen 0.27/turn    k - ring of resist corrosion
MPRegen 0.10/turn

%: no passive effects
@: about to teleport
A: sickness immunity, AC +4, negative energy resistance 1, electricity
resistance, torment resistance 1, petrification resistance
a: no special abilities


You were on level 4 of the Dungeon.
You visited 2 branches of the dungeon, and saw 5 of its levels.

You collected 172 gold pieces.
You spent 156 gold pieces at shops.


Innate Abilities, Weirdness & Mutations

You are immune to sickness and miasma.
Your stone body is resilient. (AC +4)
You are immune to poison.
You resist negative energy. (rN+)
You are resistant to electric shocks. (rElec)
You are resistant to unholy torment.
You are immune to petrification.


   Skills:
 - Level 4.2 Fighting
 + Level 5.2 Axes
 - Level 2.2 Throwing
 - Level 3.2 Armour
 - Level 2.3 Dodging
 - Level 3.2 Shields


You had 6 spell levels left.
You didn't know any spells.
Your spell library was empty.

Inventory:

Hand Weapons
 h - a +0 mace
 Y - a +1 war axe (weapon)
Missiles
 q - 3 silver boomerangs (quivered)
Armour
 a - a +0 helmet (worn)
 b - a +0 scale mail (worn)
 c - a +0 buckler (worn)
 l - the +2 helmet of the Guardian {-Tele rPois rC+++ Regen+}
   (You found it on level 2 of the Dungeon)

   rC:        It renders you almost immune to cold.
   rPois:     It protects you from poison.
   -Tele:     It prevents most forms of teleportation.
   Regen:     It increases your rate of health regeneration.
 p - a +1 pair of boots (worn)
Jewellery
 e - a ring of protection from cold (left hand)
 k - a ring of resist corrosion (right hand)
Scrolls
 f - a scroll of identify
Potions
 d - 3 potions of might
 g - a potion of cancellation
 i - a potion of berserk rage {unknown}
 j - 5 potions of curing
 m - a potion of heal wounds {unknown}
 n - a potion of enlightenment {unknown}
 r - a potion of ambrosia {unknown}

Dungeon Overview and Level Annotations

Branches:
Dungeon (4/15)             Temple (1/1) D:4

Altars:
Ashenzari
Cheibriados
Fedhas
Makhleb
Qazlal
Ru
Sif Muna
Trog
Uskayaw
Wu Jian
Xom
Zin
The Shining One

Shops:
D:4 :!

Annotations:
D:4 Dowan, Duvessa


Message History

You hit Duvessa but do no damage. You miss Dowan.
You hit Duvessa but do no damage. Duvessa barely misses you.
Dowan gestures at you while chanting.
The puff of frost hits you but does no damage.
You miss Dowan. You hit Duvessa. Duvessa completely misses you.
Dowan hisses, "Insulting my beauty only makes me fight harder!"
Dowan hits you but does no damage. Duvessa closely misses you.
Dowan hits you with a +0 dagger.
You hit Duvessa but do no damage.
Duvessa is lightly wounded.
You closely miss Dowan. Duvessa hits you with a +0 short sword.
Dowan hits you with a +0 dagger.
You hit Duvessa.
Duvessa is lightly wounded.
You hit Dowan. Duvessa barely misses you. Dowan hits you with a +0 dagger.
You miss Dowan.
Dowan is moderately wounded.
You hit Duvessa but do no damage. Duvessa hits you with a +0 short sword.
Dowan barely misses you.
You hit Dowan.
Dowan is moderately wounded.
You closely miss Duvessa.
Duvessa zaps a wand.
The puff of flame hits you. Dowan casts a spell at you.
The puff of flame hits you but does no damage.
Duvessa zaps a wand.
The puff of flame hits you.
Dowan says, "Magic and the sword, together, will defeat you."
Dowan casts a spell.
Dowan blinks!
You barely miss Duvessa.
Duvessa is lightly wounded.
Duvessa zaps a wand.
The puff of flame hits you.
3168 ||| READING scroll of teleportation.
As you read the scroll of teleportation, it crumbles to dust.
You feel strangely unstable.
Duvessa zaps a wand.
The puff of flame hits you!
You die...

######.## ## #.# #.. ..
#.# #.# e. # ##'## #.# .#
# ##...###.# .. #
##.....##.# .## # #
#.......#.# ..#.###
####..........###ยค.....#
##.+............@e...#
##.#.........####......#
##.#...........# #.##.##
##.#.#.#.#.#.#.# ##
>..#...........#
##.#.#.......#.#
#.............#
###.#...>...#.###
#...)%.........


You could see Duvessa and Dowan.

Vanquished Creatures
  Eustachio (D:4)
  A scorpion (D:4)
  2 howler monkeys (D:4)
  A hound (D:4)
  Natasha (D:2)
  Robin (D:2)
  7 adders
  2 worms
  2 dart slugs
  2 orcs (D:3)
  3 bats
  5 endoplasms
  2 giant cockroaches
  17 goblins
  7 hobgoblins
  15 jackals
  2 quokkas
  4 ball pythons
  5 frilled lizards
  5 kobolds
  5 rats
90 creatures vanquished.

Notes
Turn   | Place    | Note
-------+----------+-------------------------------------------
     0 | D:1      | qw the Gargoyle Fighter began the quest for the Orb.
     0 | D:1      | Reached XP level 1. HP: 14/14 MP: 1/1
     0 | D:1      | 0 ||| qw: Version: 0.3-a-9-g12657ce
     0 | D:1      | 0 ||| qw: Game counter: 1179
     0 | D:1      | 0 ||| qw: Always use a shield: true
     0 | D:1      | 0 ||| qw: God list: Okawaru
     0 | D:1      | 0 ||| qw: Allow faded altars: false
     0 | D:1      | 0 ||| qw: Do Orc after D:15 true
     0 | D:1      | 0 ||| qw: Do second Lair branch before Depths: true
     0 | D:1      | 0 ||| qw: Lair rune preference: random
     0 | D:1      | 0 ||| qw: Plans: Normal, Zot:1-4, Slime:5, God:TSO, Crypt,
                  | Tomb, Abyss, Pan, Hells, Win
     0 | D:1      | 0 ||| PLANNING D:1-11
    83 | D:1      | Reached skill level 2 in Axes
   161 | D:1      | Reached XP level 2. HP: 19/19 MP: 2/2
   698 | D:1      | Found a faded altar of an unknown god.
   719 | D:1      | Reached skill level 3 in Axes
   782 | D:1      | 782 ||| Stepping ~*~*~tactically~*~*~ (stealth).
   790 | D:1      | Reached XP level 3. HP: 23/23 MP: 3/3
  1088 | D:1      | 1088 ||| READING 2 scrolls labelled AMNYEGAEP CEUNK.
  1093 | D:1      | 1093 ||| READING 2 scrolls labelled WEXINE ESELEO.
  1094 | D:1      | 1094 ||| READING 2 scrolls labelled ONEF WEBEFA.
  1095 | D:1      | 1095 ||| READING scroll labelled UBAZIE INUUNT.
  1096 | D:1      | 1096 ||| READING 2 scrolls labelled SACOAROQIA.
  1097 | D:1      | 1097 ||| DROPPING scroll of noise.
  1098 | D:1      | 1098 ||| DROPPING scroll of vulnerability.
  1120 | D:2      | 1120 ||| Stepping ~*~*~tactically~*~*~ (stealth).
  1152 | D:2      | 1152 ||| Stepping ~*~*~tactically~*~*~ (stealth).
  1153 | D:2      | 1153 ||| Stepping ~*~*~tactically~*~*~ (stealth).
  1154 | D:2      | 1154 ||| Stepping ~*~*~tactically~*~*~ (stealth).
  1169 | D:2      | 1169 ||| Stepping ~*~*~tactically~*~*~ (stealth).
  1171 | D:2      | 1171 ||| Stepping ~*~*~tactically~*~*~ (hiding).
  1268 | D:2      | You fall into a shaft and drop 1 floor!
  1270 | D:3      | 1270 ||| UPGRADING to ring of protection from cold.
  1271 | D:3      | 1271 ||| UPGRADING to ring of resist corrosion.
  1272 | D:3      | 1272 ||| READING 2 scrolls labelled ACVOLO JAIHEUD.
  1273 | D:3      | 1273 ||| DROPPING scroll of poison.
  1275 | D:3      | 1275 ||| FLEEEEING.
  1276 | D:3      | 1276 ||| FLEEEEING.
  1336 | D:2      | 1336 ||| Stepping ~*~*~tactically~*~*~ (stealth).
  1366 | D:2      | 1366 ||| Stepping ~*~*~tactically~*~*~ (hiding).
  1367 | D:2      | 1367 ||| Stepping ~*~*~tactically~*~*~ (hiding).
  1371 | D:2      | 1371 ||| Stepping ~*~*~tactically~*~*~ (hiding).
  1379 | D:2      | Reached XP level 4. HP: 28/28 MP: 4/4
  1484 | D:2      | 1484 ||| Stepping ~*~*~tactically~*~*~ (hiding).
  1484 | D:2      | Noticed Robin
  1485 | D:2      | 1485 ||| Stepping ~*~*~tactically~*~*~ (hiding).
  1486 | D:2      | 1486 ||| Stepping ~*~*~tactically~*~*~ (hiding).
  1487 | D:2      | 1487 ||| Stepping ~*~*~tactically~*~*~ (hiding).
  1488 | D:2      | 1488 ||| Stepping ~*~*~tactically~*~*~ (hiding).
  1502 | D:2      | Reached skill level 4 in Axes
  1513 | D:2      | HP: 7/28 [Robin/+0 spear (2)]
  1514 | D:2      | 1514 ||| READING scroll of teleportation.
  1515 | D:2      | Killed Robin
  1608 | D:2      | Identified the +2 helmet of the Guardian {-Tele rPois rC+++
                  | Regen+}
  1667 | D:2      | 1667 ||| Stepping ~*~*~tactically~*~*~ (stealth).
  1800 | D:2      | Found an ornate altar of the Wu Jian Council.
  1801 | D:2      | Noticed Natasha
  1802 | D:2      | 1802 ||| Stepping ~*~*~tactically~*~*~ (hiding).
  1803 | D:2      | 1803 ||| Stepping ~*~*~tactically~*~*~ (hiding).
  1810 | D:2      | HP: 2/28 [Natasha/magic dart (9)]
  1811 | D:2      | Killed Natasha
  1812 | D:2      | Reached XP level 5. HP: 2/32 MP: 5/5
  1942 | D:2      | 1942 ||| UPGRADING to +0 helmet.
  1947 | D:2      | 1947 ||| READING 2 scrolls labelled RUSTU AGEUSUM.
  1948 | D:2      | 1948 ||| READING 2 scrolls of identify.
  1948 | D:2      | 1948 ||| IDENTIFYING fuming red potion
  1949 | D:2      | 1949 ||| DROPPING scroll of immolation.
  2087 | D:3      | Reached skill level 5 in Axes
  2292 | D:3      | 2292 ||| Stepping ~*~*~tactically~*~*~ (stealth).
  2304 | D:3      | Found a glowing golden altar of the Shining One.
  2533 | D:3      | Found a sacrificial altar of Ru.
  2537 | D:3      | 2537 ||| UPGRADING to +1 pair of boots.
  2542 | D:3      | 2542 ||| READING scroll labelled CIVESI XOAM.
  2594 | D:4      | Found Ecefoomy's Distillery.
  2654 | D:4      | 2654 ||| BUYING 2 potions of curing (78 gold).
  2654 | D:4      | Bought 2 potions of curing for 78 gold pieces
  2654 | D:4      | 2654 ||| BUYING potion of curing (39 gold).
  2654 | D:4      | Bought a potion of curing for 39 gold pieces
  2654 | D:4      | 2654 ||| BUYING potion of curing (39 gold).
  2654 | D:4      | Bought a potion of curing for 39 gold pieces
  2654 | D:4      | 2654 ||| SHOPLISTING potion of heal wounds (65 gold, have
                  | 16).
  2654 | D:4      | 2654 ||| SHOPLISTING potion of lignification (39 gold, have
                  | 16).
  2654 | D:4      | 2654 ||| SHOPLISTING potion of might (52 gold, have 16).
  2654 | D:4      | 2654 ||| SHOPLISTING potion of mutation (104 gold, have
                  | 16).
  2686 | D:4      | Reached XP level 6. HP: 18/37 MP: 6/6
  2698 | D:4      | Noticed Eustachio
  2700 | D:4      | 2700 ||| FLEEEEING.
  2701 | D:4      | 2701 ||| FLEEEEING.
  2704 | D:4      | 2704 ||| FLEEEEING.
  2705 | D:4      | 2705 ||| FLEEEEING.
  2706 | D:4      | 2706 ||| FLEEEEING.
  2707 | D:4      | 2707 ||| FLEEEEING.
  2710 | D:4      | 2710 ||| STAIRDANCE
  2797 | D:4      | Killed Eustachio
  2798 | D:4      | Reached XP level 7. HP: 43/43 MP: 7/7
  2853 | D:4      | Found a staircase to the Ecumenical Temple.
  2855 | D:4      | 2855 ||| PLANNING TEMPLE
  2863 | Temple   | Entered the Ecumenical Temple
  3034 | Temple   | 3034 ||| PLANNING D:1-11
  3097 | D:4      | Found Hon Soo's Book Boutique.
  3155 | D:4      | Noticed Dowan
  3156 | D:4      | Noticed Duvessa
  3167 | D:4      | HP: 10/43 [Duvessa/puff of flame (4)]
  3168 | D:4      | 3168 ||| READING scroll of teleportation.
  3168 | D:4      | Killed from afar by Duvessa

Levels and vault maps discovered:
D:1:      scummos_arrival_gate, layout_basic, shapermc_ecumenical_altar_ellora,
          hangedman_decor_push, chequers_avenue, nrook_uturn,
          hangedman_feature_mirror
D:2:      layout_rooms, basic_altar, minmay_misc_feat_cross, uniq_robin,
          uniq_natasha
D:3:      layout_rooms, nicolae_ru_the_path_less_chosen,
          nicolae_tso_carved_into_rock, nicolae_half_adder
D:4:      layout_loops_corners, minmay_temple_entry_glass, serial_shops,
          nicolae_shop_window_shopping, nicolae_shop_just_a_little_nook,
          uniq_eustachio, uniq_duvessa
Temple:   chequers_temple_sunken

Skill      XL: |  1  2  3  4  5  6 |
---------------+-------------------+-----
Axes           | 2 3 4 5 |  5.2
Throwing       | 2 |  2.2
Fighting       | 4 |  4.2
Dodging        | 2 |  2.3
Armour         | |  3.2
Shields        | |  3.2

Action                     |  1- 3 |  4- 6 |  7- 9 || total
---------------------------+-------+-------+-------++-------
  Melee: War axe           |   113 |   103 |    29 ||   245
  Throw: Boomerang         |       |    31 |     8 ||    39
    Use: Scroll            |     6 |     4 |     1 ||    11
 Armour: Scale mail        |    54 |    55 |    16 ||   125
  Dodge: Dodged            |    54 |    60 |    14 ||   128
  Block: Buckler           |    19 |    32 |     7 ||    58

Table legend:
 A = Non-vault XP
 B = Vault XP
 C = Vault XP percentage of total XP
 D = Non-vault monster count
 E = Vault monster count
 F = Vault count percentage of total count
                 A         B        C        D         E       F
            +---------+---------+-------+---------+---------+-------
      Total |     392 |     325 |  45.3 |      68 |      22 |  24.4
            +---------+---------+-------+---------+---------+-------
        D:1 |      25 |       9 |  26.5 |      17 |       4 |  19.0
        D:2 |      57 |      72 |  55.8 |      23 |      13 |  36.1
        D:3 |      29 |      53 |  64.6 |      15 |       4 |  21.1
        D:4 |     281 |     191 |  40.5 |      13 |       1 |   7.1
            +---------+---------+-------+---------+---------+-------
